 Dungeon Crawl Stone Soup version 0.29.0-4-gdea44cf6ec (webtiles) character file.

Game seed: 3874893618559191558

3724 qw the Cleaver (level 9, 0/82 HPs)
             Began as a Minotaur Berserker on Sept 5, 2022.
             Was a Priest of Trog.
             Killed from afar by Erica (28 damage)
             ... with a bolt of poison
             ... on level 9 of the Dungeon.
             The game lasted 00:02:25 (9341 turns).

qw the Cleaver (Minotaur Berserker)                 Turns: 9341, Time: 00:02:25

Health: 0/82       AC: 18    Str: 25    XL:     9   Next: 92%
Magic:  8/8        EV:  7    Int:  8    God:    Trog [***...]
Gold:   236        SH:  0    Dex:  9    Spells: 8/8 levels left

rFire   + . .      SeeInvis .   h - +3 war axe (freeze)
rCold   . . .      Faith    .   (no shield)
rNeg    + . .      Spirit   .   l - +0 plate armour
rPois   .          Reflect  .   (helmet restricted)
rElec   .          Harm     .   (no cloak)
rCorr   .          Rampage  .   o - +0 pair of gloves
Will    .....      Rnd*Tele +   e - +2 pair of boots
Stlth   ..........              (no amulet)
HPRegen 0.23/turn               i - ring of protection from fire
MPRegen 0.11/turn               f - ring of positive energy

@: lethally poisoned (0 -> -27), on berserk cooldown, slowed, very slow
A: horns 2, retaliatory headbutt, clever 1, mutation resistance 1, teleportitis
1
a: Renounce Religion, Berserk, Trog's Hand


You were on level 9 of the Dungeon.
You worshipped Trog.
Trog was most pleased with you.
You visited 1 branch of the dungeon, and saw 9 of its levels.

You collected 560 gold pieces.
You spent 324 gold pieces at shops.


Innate Abilities, Weirdness & Mutations

You have a pair of horns on your head.
You reflexively headbutt those who attack you in melee.
Your mind is acute. (Int +4, Str/Dex -1)
You are somewhat resistant to further mutation.
You are occasionally teleported next to monsters.


   Skills:
 - Level 8.3 Fighting
 + Level 13.9 Axes
 - Level 7.4 Armour
 - Level 2.1 Dodging


You had 8 spell levels left.
You didn't know any spells.
Your spell library was empty.

Inventory:

Hand Weapons
 h - a +3 war axe of freezing (weapon)
 k - a +0 morningstar
Armour
 e - a +2 pair of boots (worn)
 l - a +0 plate armour (worn)
 o - a +0 pair of gloves (worn)
Jewellery
 f - a ring of positive energy (right hand)
 i - a ring of protection from fire (left hand)
Scrolls
 a - 9 scrolls of teleportation
 b - a scroll of identify
Potions
 c - 2 potions of heal wounds
 d - 6 potions of curing
 g - a potion of might
 j - a potion of cancellation
 n - a potion of haste

Dungeon Overview and Level Annotations

Branches:
Dungeon (9/15)             Temple (0/1) D:5
   Lair: D:8-11         Orc: D:9-12

Altars:
Cheibriados
Kikubaaqudgha
Makhleb
Ru
Trog
The Shining One

Shops:
D:1 (   D:4 =   D:5 [   D:6 (

Annotations:
D:9 Erica


Message History

The kobold brigand is almost dead.
You miss the kobold. You closely miss the kobold. You hit the kobold.
You freeze the kobold.
You kill the kobold!
Trog accepts your kill.
You feel extremely sick. The kobold completely misses you.
A kobold comes into view. It is wielding a +0 dagger.
The kobold throws a stone.
The stone hits you but does no damage. The kobold brigand barely misses you.
You furiously retaliate!
You headbutt the kobold brigand. The kobold hits you but does no damage.
A kobold comes into view. It is wielding a +0 short sword.
The kobold brigand hits you with a +0 club.
The kobold hits you with a +0 club. The kobold barely misses you.
You closely miss the kobold brigand.
The kobold brigand is almost dead.
The kobold shouts!
You slash the kobold! You freeze the kobold.
You kill the kobold!
Trog accepts your kill.
You slash the kobold! You freeze the kobold.
You kill the kobold!
Trog accepts your kill.
You barely miss the kobold. You slash the kobold! You freeze the kobold.
You kill the kobold!
Trog accepts your kill.
You feel very sick.
You hear a shout!
The kobold hits you but does no damage.
The kobold brigand hits you but does no damage.
You miss the kobold brigand.
The kobold brigand is almost dead.
You hit the kobold. You freeze the kobold. You barely miss the kobold.
You feel very sick. Erica gestures at you while chanting.
The bolt of poison hits the kobold!!
The kobold is poisoned.
The kobold dies!
The bolt of poison hits you!!
You are more poisoned.
You die...

.# # .# . ..
...####### .
K..#...# ...
.....# #
....K#...#..#
.K..K@)@)...#
.....#KK)......
... .....##.###
. ####..# ..
...# # ....
...# ##..#


You could see Erica, a kobold brigand and 5 kobolds.

Vanquished Creatures
  Pikel (D:5)
  6 yaks (D:8)
  2 water moccasins (D:6)
  3 orc warriors
  An ice beast (D:7)
  A centaur (D:8)
  2 phantoms (D:5)
  3 kobold brigands
  2 bullfrogs
  A gnoll sergeant (D:7)
  5 wights (D:6)
  5 killer bees (D:7)
  2 hounds
  2 jellies
  2 orc priests
  An iguana (D:6)
  Natasha (thrice) (D:4)
  9 orc wizards
  4 gnolls (D:7)
  4 adders
  A white imp (D:7)
  3 ufetubi
  24 orcs
  3 bats
  6 endoplasms
  2 giant cockroaches (D:1)
  5 goblins
  5 hobgoblins
  6 jackals
  23 kobolds
  4 quokkas
  6 ball pythons
  4 frilled lizards
  6 rats
157 creatures vanquished.

Vanquished Creatures (others)
  A kobold (D:9)
1 creature vanquished.

Grand Total: 158 creatures vanquished

Notes
Turn   | Place    | Note
-------+----------+-------------------------------------------
     0 | D:1      | qw the Minotaur Berserker began the quest for the Orb.
     0 | D:1      | Reached XP level 1. HP: 19/19 MP: 0/0
     0 | D:1      | 0 ||| qw: Version: 0.1-a-104-g96f76f8
     0 | D:1      | 0 ||| qw: Game counter: 5968
     0 | D:1      | 0 ||| qw: Always use a shield: true
     0 | D:1      | 0 ||| qw: Do Orc after D:15 true
     0 | D:1      | 0 ||| qw: Do second Lair branch before Depths: true
     0 | D:1      | 0 ||| qw: Lair rune preference: random
     0 | D:1      | 0 ||| qw: Plans: Normal
     0 | D:1      | 0 ||| PLANNING D:1-11
    24 | D:1      | Reached skill level 4 in Axes
    91 | D:1      | Reached XP level 2. HP: 26/26 MP: 1/1
    95 | D:1      | 95 ||| Stepping ~*~*~tactically~*~*~ (stealth).
   324 | D:1      | Found Zuuwysuy's Antique Weapon Shoppe.
   333 | D:1      | 333 ||| UPGRADING to +0 pair of boots.
   480 | D:1      | 480 ||| Stepping ~*~*~tactically~*~*~ (stealth).
   636 | D:1      | 636 ||| UPGRADING to +0 leather armour.
   646 | D:1      | 646 ||| DROPPING +0 animal skin.
   837 | D:1      | 837 ||| READING scroll labelled PEITZI OVEOXIL.
   838 | D:1      | 838 ||| DRINKING 2 bubbling silvery potions.
   839 | D:1      | 839 ||| DRINKING 2 dark potions.
   839 | D:1      | Gained mutation: You are occasionally teleported next to
                  | monsters. [potion of mutation]
   839 | D:1      | Gained mutation: You are strong-willed. (Will+) [potion of
                  | mutation]
   839 | D:1      | Gained mutation: Your magical capacity is low. (-10% MP)
                  | [potion of mutation]
   839 | D:1      | Gained mutation: Your muscles are strong. (Str +4, Int/Dex
                  | -1) [potion of mutation]
   840 | D:1      | 840 ||| DRINKING potion of mutation.
   840 | D:1      | Lost mutation: Your muscles are strong. (Str +4, Int/Dex
                  | -1) [potion of mutation]
   840 | D:1      | Lost mutation: Your magical capacity is low. (-10% MP)
                  | [potion of mutation]
   840 | D:1      | Gained mutation: You occasionally lose the ability to drink
                  | potions when taking damage. [potion of mutation]
   840 | D:1      | Gained mutation: Your mind is acute. (Int +4, Str/Dex -1)
                  | [potion of mutation]
   855 | D:1      | 855 ||| DRINKING 2 inky potions.
   952 | D:2      | 952 ||| DROPPING +0 whip.
   962 | D:2      | Reached skill level 5 in Axes
  1079 | D:2      | Found a glowing golden altar of the Shining One.
  1248 | D:2      | 1248 ||| FLEEEEING.
  1261 | D:2      | 1261 ||| FLEEEEING.
  1262 | D:2      | 1262 ||| FLEEEEING.
  1263 | D:2      | 1263 ||| FLEEEEING.
  1264 | D:2      | 1264 ||| FLEEEEING.
  1265 | D:2      | 1265 ||| FLEEEEING.
  1266 | D:2      | 1266 ||| FLEEEEING.
  1273 | D:2      | HP: 4/26 [hobgoblin/+0 flail (7)]
  1274 | D:2      | 1274 ||| INVOKING Berserk.
  1274 | D:2      | HP: 1/39 [hobgoblin/+0 flail (6)]
  1276 | D:2      | Reached XP level 3. HP: 1/31 MP: 2/2
  1686 | D:2      | 1686 ||| DROPPING +2 mace of venom.
  1703 | D:2      | 1703 ||| Stepping ~*~*~tactically~*~*~ (stealth).
  1792 | D:2      | 1792 ||| READING scroll of enchant armour.
  1792 | D:2      | 1792 ||| ENCHANTING +0 pair of boots.
  1897 | D:2      | Found a faded altar of an unknown god.
  2140 | D:2      | 2140 ||| UPGRADING to +0 ring mail.
  2150 | D:2      | 2150 ||| DROPPING +0 leather armour.
  2151 | D:2      | 2151 ||| READING scroll labelled JEYMOLU WEOSI.
  2152 | D:2      | 2152 ||| READING 3 scrolls labelled KER JOTUMEANGO.
  2153 | D:2      | 2153 ||| READING 2 scrolls labelled TAKUKL WOZER.
  2154 | D:2      | 2154 ||| READING scroll labelled KOVESCH GUUMMA.
  2155 | D:2      | 2155 ||| READING scroll labelled DYOBRE BIEDUE.
  2156 | D:2      | 2156 ||| DROPPING scroll of fear.
  2303 | D:3      | Reached ** piety under Trog
  2423 | D:3      | 2423 ||| Stepping ~*~*~tactically~*~*~ (stealth).
  2425 | D:3      | 2425 ||| Stepping ~*~*~tactically~*~*~ (hiding).
  2428 | D:3      | 2428 ||| INVOKING Berserk.
  2437 | D:3      | Reached skill level 6 in Axes
  2437 | D:3      | Reached XP level 4. HP: 39/39 MP: 3/3
  3005 | D:3      | 3005 ||| DROPPING ring of flight.
  3036 | D:4      | Found a snail-covered altar of Cheibriados.
  3036 | D:4      | Found a burning altar of Makhleb.
  3060 | D:4      | 3060 ||| Stepping ~*~*~tactically~*~*~ (stealth).
  3134 | D:4      | 3134 ||| SWAPPING to +0 war axe.
  3135 | D:4      | 3135 ||| DROPPING +0 hand axe.
  3180 | D:4      | Noticed Natasha
  3184 | D:4      | 3184 ||| INVOKING Berserk.
  3315 | D:4      | 3315 ||| INVOKING Berserk.
  3319 | D:4      | Killed Natasha
  3320 | D:4      | Reached skill level 7 in Axes
  3320 | D:4      | Reached XP level 5. HP: 45/45 MP: 4/4
  3400 | D:4      | 3400 ||| READING scroll of enchant armour.
  3400 | D:4      | 3400 ||| ENCHANTING +1 pair of boots.
  3699 | D:4      | 3699 ||| Stepping ~*~*~tactically~*~*~ (stealth).
  3709 | D:4      | Noticed Natasha
  3715 | D:4      | 3715 ||| INVOKING Berserk.
  3719 | D:4      | Killed Natasha
  3984 | D:4      | Found Qydaic's Jewellery Shop.
  4105 | D:4      | 4105 ||| SHOPLISTING +4 ring of protection (396 gold, have
                  | 316).
  4105 | D:4      | 4105 ||| SHOPLISTING +6 ring of strength (396 gold, have
                  | 316).
  4105 | D:4      | 4105 ||| BUYING ring of protection from fire (275 gold).
  4105 | D:4      | Bought a ring of protection from fire for 275 gold pieces
  4105 | D:4      | 4105 ||| SHOPLISTING ring of resist corrosion (220 gold,
                  | have 41).
  4359 | D:4      | Noticed Natasha
  4363 | D:4      | 4363 ||| INVOKING Berserk.
  4367 | D:4      | Killed Natasha
  4587 | D:4      | 4587 ||| UPGRADING to ring of protection from fire.
  4588 | D:4      | 4588 ||| READING scroll labelled WOLAZ YMNASOORPH.
  4592 | D:4      | 4592 ||| READING 4 scrolls of identify.
  4592 | D:4      | 4592 ||| IDENTIFYING lumpy green potion
  4593 | D:4      | 4593 ||| READING 3 scrolls of identify.
  4593 | D:4      | 4593 ||| IDENTIFYING pink potion
  4594 | D:4      | 4594 ||| DROPPING potion of berserk rage.
  4636 | D:5      | Entered Level 5 of the Dungeon
  4663 | D:5      | Noticed a phantom
  4669 | D:5      | Killed a phantom
  4670 | D:5      | Reached skill level 8 in Axes
  4670 | D:5      | Reached XP level 6. HP: 52/52 MP: 5/5
  4692 | D:5      | Noticed Pikel
  4697 | D:5      | 4697 ||| INVOKING Berserk.
  4701 | D:5      | Killed Pikel
  4702 | D:5      | Reached skill level 10 in Axes
  4702 | D:5      | Reached XP level 7. HP: 59/59 MP: 6/6
  4862 | D:5      | Found a staircase to the Ecumenical Temple.
  4935 | D:5      | Found Xakkeow's Armour Emporium.
  4946 | D:5      | 4946 ||| BUYING +0 chain mail (49 gold).
  4946 | D:5      | Bought a +0 chain mail for 49 gold pieces
  4946 | D:5      | 4946 ||| SHOPLISTING +0 ice dragon scales (660 gold, have
                  | 21).
  4946 | D:5      | 4946 ||| SHOPLISTING +0 pair of gloves (49 gold, have 21).
  4946 | D:5      | 4946 ||| SHOPLISTING +0 plate armour (253 gold, have 21).
  4952 | D:5      | 4952 ||| INVOKING Berserk.
  5364 | D:5      | 5364 ||| FLEEEEING.
  5365 | D:5      | 5365 ||| FLEEEEING.
  5366 | D:5      | 5366 ||| STAIRDANCE
  5468 | D:4      | 5468 ||| UPGRADING to +0 scale mail.
  5478 | D:4      | 5478 ||| DROPPING +0 ring mail.
  5479 | D:4      | 5479 ||| UPGRADING to +0 chain mail.
  5489 | D:4      | 5489 ||| DROPPING +0 scale mail.
  5490 | D:4      | 5490 ||| UPGRADING to +0 pair of gloves.
  5495 | D:4      | 5495 ||| READING scroll labelled RUOBIM BOUJIDE.
  5496 | D:4      | 5496 ||| READING 3 scrolls of identify.
  5496 | D:4      | 5496 ||| IDENTIFYING viscous cyan potion
  5497 | D:4      | 5497 ||| READING 2 scrolls of identify.
  5497 | D:4      | 5497 ||| IDENTIFYING purple potion
  5498 | D:4      | 5498 ||| DROPPING potion of lignification.
  5693 | D:6      | Reached skill level 3 in Armour
  5695 | D:6      | Reached XP level 8. HP: 35/69 MP: 7/7
  5696 | D:6      | 5696 ||| INVOKING Berserk.
  5698 | D:6      | Found Jugg's Antique Weapon Shoppe.
  5704 | D:6      | Reached skill level 6 in Fighting
  5816 | D:6      | 5816 ||| INVOKING Berserk.
  6046 | D:6      | 6046 ||| SHOPLISTING runed war axe (188 gold, have 78).
  6053 | D:6      | 6053 ||| SWAPPING to +3 war axe.
  6054 | D:6      | 6054 ||| DROPPING +0 war axe.
  6110 | D:6      | Found a sacrificial altar of Ru.
  6158 | D:6      | 6158 ||| Stepping ~*~*~tactically~*~*~ (stealth).
  6159 | D:6      | 6159 ||| Stepping ~*~*~tactically~*~*~ (stealth).
  6162 | D:6      | 6162 ||| Stepping ~*~*~tactically~*~*~ (hiding).
  6165 | D:6      | 6165 ||| INVOKING Berserk.
  6167 | D:6      | Reached skill level 11 in Axes
  6183 | D:6      | 6183 ||| Stepping ~*~*~tactically~*~*~ (stealth).
  6185 | D:6      | 6185 ||| Stepping ~*~*~tactically~*~*~ (stealth).
  6315 | D:6      | 6315 ||| DRINKING potion of mutation.
  6315 | D:6      | Lost mutation: You are strong-willed. (Will+) [potion of
                  | mutation]
  6315 | D:6      | Lost mutation: You occasionally lose the ability to drink
                  | potions when taking damage. [potion of mutation]
  6315 | D:6      | Gained mutation: You are somewhat resistant to further
                  | mutation. [potion of mutation]
  6318 | D:6      | 6318 ||| DROPPING +0 flail.
  6506 | D:6      | 6506 ||| Stepping ~*~*~tactically~*~*~ (hiding).
  6509 | D:6      | 6509 ||| Stepping ~*~*~tactically~*~*~ (hiding).
  6581 | D:6      | 6581 ||| DROPPING +4 flail.
  6591 | D:6      | Reached skill level 12 in Axes
  6782 | D:6      | 6782 ||| Stepping ~*~*~tactically~*~*~ (hiding).
  6952 | D:6      | 6952 ||| UPGRADING to ring of positive energy.
  6953 | D:6      | 6953 ||| READING scroll labelled SIASUHO ITOUDD.
  6954 | D:6      | 6954 ||| DRINKING 2 fuming yellow potions.
  6955 | D:6      | 6955 ||| READING 2 scrolls of identify.
  6955 | D:6      | 6955 ||| IDENTIFYING sedimented golden potion
  6956 | D:6      | 6956 ||| DROPPING potion of flight.
  7099 | D:7      | Found a bloodstained altar of Trog.
  7099 | D:7      | Found an ancient bone altar of Kikubaaqudgha.
  7145 | D:7      | 7145 ||| Stepping ~*~*~tactically~*~*~ (hiding).
  7278 | D:7      | 7278 ||| INVOKING Berserk.
  7282 | D:7      | HP: 26/109 [killer bee (3)]
  7287 | D:7      | HP: 12/73 [poisoned by a killer bee]
  7292 | D:7      | HP: 6/73 [poisoned by a killer bee]
  7377 | D:7      | 7377 ||| FLEEEEING.
  7380 | D:7      | 7380 ||| FLEEEEING.
  7381 | D:7      | 7381 ||| FLEEEEING.
  7445 | D:7      | 7445 ||| FLEEEEING.
  7446 | D:7      | 7446 ||| FLEEEEING.
  7447 | D:7      | 7447 ||| FLEEEEING.
  7448 | D:7      | 7448 ||| FLEEEEING.
  7449 | D:7      | 7449 ||| FLEEEEING.
  7452 | D:7      | 7452 ||| STAIRDANCE
  7583 | D:6      | 7583 ||| READING scroll labelled HYUPIA ZUANLIG.
  7584 | D:6      | 7584 ||| READING scroll labelled BIMANOMNAE.
  7590 | D:7      | 7590 ||| Stepping ~*~*~tactically~*~*~ (stealth).
  7592 | D:7      | 7592 ||| Stepping ~*~*~tactically~*~*~ (hiding).
  7673 | D:7      | 7673 ||| Stepping ~*~*~tactically~*~*~ (stealth).
  7678 | D:7      | 7678 ||| INVOKING Berserk.
  7681 | D:7      | Reached XP level 9. HP: 79/79 MP: 8/8
  7740 | D:7      | 7740 ||| SWAPPING to +3 war axe of freezing.
  7741 | D:7      | 7741 ||| DROPPING +4 war axe.
  7753 | D:7      | Identified the +4 dagger of Armageddon {drain, rN+ Dex+5}
  7791 | D:7      | Reached *** piety under Trog
  7793 | D:7      | 7793 ||| INVOKING Berserk.
  7804 | D:7      | Reached skill level 13 in Axes
  8091 | D:7      | 8091 ||| UPGRADING to +0 plate armour.
  8101 | D:7      | 8101 ||| DROPPING +0 chain mail.
  8102 | D:7      | 8102 ||| DROPPING +1 chain mail of cold resistance.
  8320 | D:8      | Reached skill level 6 in Armour
  8498 | D:8      | 8498 ||| Stepping ~*~*~tactically~*~*~ (hiding).
  8501 | D:8      | 8501 ||| Stepping ~*~*~tactically~*~*~ (hiding).
  8502 | D:8      | 8502 ||| Stepping ~*~*~tactically~*~*~ (hiding).
  8524 | D:8      | 8524 ||| Stepping ~*~*~tactically~*~*~ (stealth).
  8527 | D:8      | 8527 ||| Stepping ~*~*~tactically~*~*~ (stealth).
  8538 | D:8      | 8538 ||| Stepping ~*~*~tactically~*~*~ (stealth).
  8592 | D:8      | 8592 ||| Stepping ~*~*~tactically~*~*~ (stealth).
  8597 | D:8      | 8597 ||| INVOKING Berserk.
  8816 | D:8      | 8816 ||| Stepping ~*~*~tactically~*~*~ (stealth).
  9229 | D:8      | 9229 ||| DROPPING +6 ring of intelligence.
  9230 | D:8      | 9230 ||| READING 2 scrolls of identify.
  9230 | D:8      | 9230 ||| IDENTIFYING murky silvery potion
  9231 | D:8      | 9231 ||| DROPPING potion of degeneration.
  9323 | D:9      | 9323 ||| Stepping ~*~*~tactically~*~*~ (stealth).
  9326 | D:9      | 9326 ||| INVOKING Berserk.
  9338 | D:9      | Noticed Erica
  9341 | D:9      | Killed from afar by Erica

Levels and vault maps discovered:
D:1:      scummos_arrival_forest, layout_rooms, serial_shops, nicolae_shop_trees
D:2:      layout_loops_ring, basic_altar,
          dreamdust_ecumenical_altar_hidden_monk_grotto
D:3:      layout_loops_ring
D:4:      layout_layer_cave, gammafunk_temple_overflow_pools, serial_shops,
          nicolae_inconvenience_store, uniq_natasha
D:5:      layout_loops_ring, minmay_temple_entry_fiery, serial_shops, shop,
          corexii_corridor_pit, chequers_garden, uniq_pikel
D:6:      layout_gridville, nicolae_ru_awakened_eye, serial_shops, shop_statue
D:7:      layout_rooms, mainiacjoe_overflow_divided_tiny
D:8:      layout_loops_cross, st_stairs_5, kennysheep_small_spiral,
          hangedman_abyss_or_decor_clamps
D:9:      layout_loops_ring, nicolae_straight_to_the_point, uniq_erica,
          uniq_grum

Skill      XL: |  1  2  3  4  5  6  7  8  9 |
---------------+----------------------------+-----
Axes           | 4 5 6 7 8 10 12 13 | 13.9
Fighting       | 4 5 7 8 |  8.3
Armour         | 3 5 7 |  7.4
Dodging        | |  2.1

Action                   |  1- 3 |  4- 6 |  7- 9 || total
-------------------------+-------+-------+-------++-------
Melee: Hand axe          |   105 |    14 |       ||   119
       Headbutt          |     8 |     5 |    34 ||    47
       Punch             |     1 |     1 |     5 ||     7
       War axe           |       |    27 |   204 ||   231
Invok: Berserk           |     2 |     5 |     9 ||    16
  Use: Potion            |     4 |       |     2 ||     6
       Scroll            |     7 |     4 |     8 ||    19
Armor: Animal skin       |     7 |       |       ||     7
       Leather armour    |     7 |       |       ||     7
       Ring mail         |     4 |     7 |     4 ||    15
       Chain mail        |       |       |    63 ||    63
       Plate armour      |       |       |    35 ||    35
Dodge: Dodged            |    52 |    23 |    78 ||   153

Table legend:
 A = Non-vault XP
 B = Vault XP
 C = Vault XP percentage of total XP
 D = Non-vault monster count
 E = Vault monster count
 F = Vault count percentage of total count
                 A         B        C        D         E       F
            +---------+---------+-------+---------+---------+-------
      Total |    4450 |     872 |  16.4 |     153 |       5 |   3.2
            +---------+---------+-------+---------+---------+-------
        D:1 |      29 |       0 |   0.0 |      19 |       0 |   0.0
        D:2 |      33 |       0 |   0.0 |      14 |       0 |   0.0
        D:3 |     110 |       0 |   0.0 |      17 |       0 |   0.0
        D:4 |      99 |      35 |  26.1 |      14 |       1 |   6.7
        D:5 |     310 |     663 |  68.1 |       6 |       1 |  14.3
        D:6 |    1069 |       0 |   0.0 |      33 |       0 |   0.0
        D:7 |    1041 |       0 |   0.0 |      23 |       0 |   0.0
        D:8 |    1549 |     174 |  10.1 |      18 |       3 |  14.3
        D:9 |     210 |       0 |   0.0 |       9 |       0 |   0.0
            +---------+---------+-------+---------+---------+-------
